 Dungeon Crawl Stone Soup version 0.23.2-1-ga50397a6bc (webtiles) character file.

Game seed: 13279443349050368907

27136 Freyura the Basher (level 13, -5/102 HPs)
             Began as a Minotaur Fighter on May 7, 2019.
             Was a High Priest of the Shining One.
             Killed from afar by a wretched star (21 damage)
             ... with an orb of energy
             ... on level 2 of the Abyss on May 8, 2019.
             The game lasted 00:57:54 (10035 turns).

Freyura the Basher (Minotaur Fighter)              Turns: 10035, Time: 00:57:55

Health: -5/102     AC: 13    Str: 25    XL:     13   Next: 2%
Magic:  5/14       EV: 19    Int:  3    God:    the Shining One [*****.]
Gold:   824        SH: 13    Dex: 18    Spells: 12/12 levels left

rFire    . . .     SeeInvis .   j - +4 flail (holy)
rCold    . . .     Gourm    .   c - +0 shield
rNeg     + + .     Faith    .   E - +0 acid dragon scales
rPois    .         Spirit   .   (helmet restricted)
rElec    .         Reflect  .   r - +1 cloak
rCorr    +         Harm     .   G - +0 pair of gloves
MR       .....                  I - +0 pair of boots of Intuition {Str+4 Int+2 Slay+3} (curse)
Stlth    +.........             J - amulet of the acrobat
HPRegen  0.27/turn              a - +3 ring of dexterity
MPRegen  0.14/turn              C - +2 ring of evasion

@: berserk cooldown, slowed, glowing, very slow
A: retaliatory headbutt, horns 2, talons 1, icy blue scales 1, [blurry vision
3], [deformed body], [dopey 2], frail 1, low mp 1[+1], [no potion heal 2]
a: Divine Shield, Cleansing Flame, Summon Divine Warrior, Renounce Religion


You were on level 2 of the Abyss.
You worshipped the Shining One.
The Shining One was extremely pleased with you.
You were not hungry.

You visited 1 branch of the dungeon, and saw 12 of its levels.
You visited the Abyss 1 time.

You collected 824 gold pieces.

Inventory:

Hand Weapons
 j - a +4 flail of holy wrath (weapon)
Armour
 c - a +0 shield (worn)
 i - a +2 pair of boots
 r - a +1 cloak (worn)
 E - +0 acid dragon scales (worn)
 F - a +0 plate armour
 G - a +0 pair of gloves (worn)
 I - the cursed +0 pair of boots of Intuition (worn) {Str+4 Int+2 Slay+3}
   (You found it on level 12 of the Dungeon)

   It affects your strength (+4).
   It affects your intelligence (+2).
   It affects your accuracy and damage with ranged weapons and melee attacks
   (+3).
   It has a curse placed upon it.
Jewellery
 a - a +3 ring of dexterity (left hand)
 p - an uncursed ring of protection from cold
 q - a +2 ring of dexterity
 x - an uncursed ring of flight
 C - a +2 ring of evasion (right hand)
 D - an uncursed ring of magical power
 J - an amulet of the acrobat (around neck)
Wands
 d - a wand of paralysis (9)
 h - a wand of flame (18)
 k - a wand of disintegration (33)
 s - a wand of enslavement (17)
 y - a wand of iceblast (6)
 B - a wand of polymorph (8)
Scrolls
 b - a scroll of brand weapon
 e - 5 scrolls of teleportation
 m - 2 scrolls of blinking
 n - 5 scrolls of remove curse
 o - 6 scrolls of identify
 w - 2 scrolls of amnesia
 z - a scroll of fear
 A - 5 scrolls of magic mapping
Potions
 g - 3 potions of heal wounds
 t - 4 potions of curing
 u - 5 potions of resistance
 v - a potion of cancellation
 H - a potion of haste
Comestibles
 f - 25 rations


   Skills:
 + Level 10.3 Fighting
 * Level 13.5 Maces & Flails
 + Level 10.2 Armour
 + Level 8.8 Dodging
 + Level 10.3 Shields
 + Level 7.9 Invocations
 + Level 6.1 Evocations


You had 12 spell levels left.
You didn't know any spells.
Your spell library was empty.

Dungeon Overview and Level Annotations

Branches:
Dungeon (12/15)            Temple (0/1) D:7            Lair (0/6) D:10
    Orc (0/2) D:9

Altars:
Dithmenos
Elyvilon
Gozag
Hepliaklqana
Makhleb
Nemelex Xobeh
Qazlal
Ru
Trog
Wu Jian
Yredelemnul
Zin
The Shining One

Annotations:
D:7 exclusion: oklob sapling
D:8 2 transporters, aragog127's ghost, novice GrFi


Innate Abilities, Weirdness & Mutations

You reflexively headbutt those who attack you in melee.
You have a pair of horns on your head.
You have sharp toenails.
You are partially covered in icy blue scales. (AC +2)
You are frail. (-10% HP)
[Scrolls take you much longer to read.]
[Armour fits poorly on your strangely shaped body.]
[You are very dopey. (Int -4)]
[Your magical capacity is very low. (-20% MP)]
[Potions are poor at restoring your health.]


Message History

You destroy the starcursed mass!
You have reached level 13!
The golden flame engulfs the starcursed mass!
The starcursed mass is severely damaged.
You feel somewhat more hungry.
The Shining One is no longer ready to bless your weapon.
The starcursed mass shudders and is absorbed by its neighbour.
The wretched star pulses with an eldritch light!
Your vision blurs. x2
You block the starcursed mass's attack.
You sock the starcursed mass!
You destroy the starcursed mass!
The substance of the Abyss twists violently, and a gateway leading out appears!
The wretched star glows turbulently.
The orb of energy misses you.
Your system partially rejects the healing.
You feel much better.
The wretched star glows turbulently.
The orb of energy hits you!!
You die...

#....#. ≈.##
# #...#..
≈#≈# #.# . .
###. ≈.##.. .
... #.#####.#
# #.
#.#....... .
## ###...?.
.. #.#.[# .
###..##$.##
#..@.......
#.§§.......
.*..#..##..##
#.####..# ..#
#. .... ... #
...>. ..
#..## #..#


You could see a wretched star.

Vanquished Creatures
  A tentacled starspawn (Abyss:2)
  2 two-headed ogres
  4 thrashing horrors (Abyss:2)
  A wretched star (Abyss:2)
  5 wizards (D:12)
  An unseen horror (D:7)
  A manticore (D:7)
  2 cyclopes (D:11)
  An ugly thing (D:9)
  2 gargoyles
  2 centaur zombies
  5 centaur skeletons
  A tormentor (Abyss:2)
  3 starcursed masses (Abyss:2)
  A kobold demonologist (D:12)
  An ancient zyme (Abyss:2)
  5 trolls
  Prince Ribbit (D:4)
  A hippogriff (D:8)
  A spriggan (D:7)
  A large abomination (Abyss:2)
  A water elemental (Abyss:2)
  2 wyverns (D:12)
  Eustachio (D:6)
  2 hungry ghosts
  11 yaks
  Edmund (D:4)
  4 vampire mosquitoes (D:12)
  An acid dragon (D:11)
  2 water moccasins
  2 porcupines (D:10)
  9 orc warriors
  5 ice beasts
  A phantom (D:5)
  4 sky beasts
  A necrophage (D:12)
  2 black bears
  5 ogres
  8 centaurs
  4 crocodiles (D:10)
  4 big kobolds
  9 bullfrogs
  3 scorpions
  8 killer bees
  7 wights
  3 howler monkeys
  7 crimson imps
  4 bullfrog zombies
  2 quasits
  5 hounds
  16 orc wizards
  A jelly (D:7)
  2 bullfrog skeletons
  4 orc priests
  9 iguanas
  Ijyb (D:5)
  15 worker ants
  A killer bee zombie (D:7)
  A hound zombie (D:5)
  2 hound skeletons
  4 worker ant zombies
  3 gnolls (D:2)
  15 adders
  A shadow imp (D:8)
  An adder zombie (D:9)
  An adder skeleton (D:5)
  2 worms
  4 dart slugs
  4 leopard geckos
  46 orcs
  3 ball pythons
  3 bats
  6 giant cockroaches
  7 goblins
  5 hobgoblins
  15 jackals
  21 kobolds
  5 quokkas
  A ball python skeleton (D:4)
  11 frilled lizards
  A giant cockroach zombie (D:5)
  2 jackal skeletons
  A leopard gecko skeleton (D:4)
  6 rats
380 creatures vanquished.

Vanquished Creatures (others)
  6 fungi (D:10)
  15 plants (D:10)
  2 starspawn tentacles (Abyss:2)
23 creatures vanquished.

Grand Total: 403 creatures vanquished

Notes
Turn   | Place    | Note
-------+----------+-------------------------------------------
     0 | D:1      | Freyura the Minotaur Fighter began the quest for the Orb.
     0 | D:1      | Reached XP level 1. HP: 19/19 MP: 0/0
   167 | D:1      | Reached XP level 2. HP: 27/27 MP: 1/1
   270 | D:1      | Reached skill level 3 in Maces & Flails
   495 | D:2      | Reached XP level 3. HP: 28/33 MP: 2/2
   496 | D:2      | Reached skill level 1 in Dodging
   543 | D:2      | Found a white marble altar of Elyvilon.
   554 | D:2      | Became a worshipper of Elyvilon the Healer
   556 | D:2      | Reached XP level 4. HP: 35/40 MP: 3/3
   767 | D:2      | Reached skill level 4 in Maces & Flails
   923 | D:3      | Reached XP level 5. HP: 44/46 MP: 4/4
  1142 | D:3      | Found a faded altar of an unknown god.
  1159 | D:3      | Found a hazy altar of Hepliaklqana.
  1218 | D:2      | Reached * piety under Elyvilon
  1632 | D:3      | Found a sparkling altar of Nemelex Xobeh.
  1633 | D:3      | Found an opulent altar of Gozag.
  1764 | D:4      | Noticed an ogre
  1772 | D:3      | Killed an ogre
  1772 | D:3      | Reached skill level 1 in Invocations
  1782 | D:4      | Reached XP level 6. HP: 47/53 MP: 5/5
  1874 | D:4      | Reached skill level 5 in Maces & Flails
  1942 | D:4      | Reached skill level 5 in Shields
  1951 | D:4      | Noticed Edmund
  1963 | D:4      | Killed Edmund
  1963 | D:4      | Reached skill level 5 in Fighting
  1963 | D:4      | Reached XP level 7. HP: 54/61 MP: 7/7
  2056 | D:4      | Reached skill level 5 in Armour
  2233 | D:4      | Reached ** piety under Elyvilon
  2457 | D:4      | Found a burning altar of Makhleb.
  2457 | D:4      | Noticed a balrug
  2463 | D:4      | Noticed a neqoxec
  2463 | D:4      | Noticed a smoke demon
  2740 | D:4      | Found a glowing golden altar of the Shining One.
  2748 | D:4      | Fell from the grace of Elyvilon
  2748 | D:4      | Became a worshipper of the Shining One
  2748 | D:4      | Reached * piety under the Shining One
  2992 | D:5      | Entered Level 5 of the Dungeon
  2992 | D:5      | Noticed Prince Ribbit
  2992 | D:5      | Noticed Ijyb
  3002 | D:4      | Reached skill level 6 in Maces & Flails
  3025 | D:4      | Killed Prince Ribbit
  3025 | D:4      | Reached XP level 8. HP: 66/69 MP: 7/9
  3043 | D:5      | Killed Ijyb
  3157 | D:5      | Reached skill level 7 in Maces & Flails
  3464 | D:5      | Reached ** piety under the Shining One
  3889 | D:6      | Noticed Eustachio
  3907 | D:6      | Killed Eustachio
  3907 | D:6      | Reached skill level 8 in Maces & Flails
  3907 | D:6      | Reached XP level 9. HP: 42/78 MP: 10/10
  4430 | D:7      | Reached skill level 1 in Evocations
  4715 | D:7      | Found a stormy altar of Qazlal.
  4716 | D:7      | Found a basalt altar of Yredelemnul.
  4717 | D:7      | Found a shadowy altar of Dithmenos.
  4717 | D:7      | Found a sacrificial altar of Ru.
  4767 | D:7      | Found a staircase to the Ecumenical Temple.
  4841 | D:7      | Reached skill level 5 in Dodging
  4883 | D:7      | Reached *** piety under the Shining One
  4923 | D:7      | Found an ornate altar of the Wu Jian Council.
  5042 | D:7      | Reached skill level 9 in Maces & Flails
  5392 | D:7      | Noticed a troll
  5394 | D:7      | Noticed a troll
  5395 | D:7      | Noticed a manticore
  5399 | D:7      | Noticed an unseen horror
  5402 | D:7      | Killed a troll
  5414 | D:7      | Killed a troll
  5421 | D:7      | Killed an unseen horror
  5421 | D:7      | Reached skill level 5 in Invocations
  5421 | D:7      | Reached XP level 10. HP: 46/86 MP: 12/12
  5428 | D:7      | Killed a manticore
  6128 | D:8      | Reached skill level 10 in Maces & Flails
  6216 | D:8      | Found a transporter.
  6219 | D:8      | Found a bloodstained altar of Trog.
  6224 | D:8      | Found a transporter.
  6225 | D:8      | Noticed aragog127's ghost (novice GrFi)
  6225 | D:8      | Noticed a moth of wrath
  6541 | D:8      | Found a glowing silver altar of Zin.
  6606 | D:8      | Reached **** piety under the Shining One
  7164 | D:9      | Noticed a purple ugly thing
  7176 | D:9      | Killed a purple ugly thing
  7176 | D:9      | Reached XP level 11. HP: 84/95 MP: 14/14
  7354 | D:9      | Found a staircase to the Orcish Mines.
  7663 | D:10     | Entered Level 10 of the Dungeon
  7711 | D:10     | Reached skill level 11 in Maces & Flails
  7885 | D:10     | Noticed a two-headed ogre
  7885 | D:10     | Reached ***** piety under the Shining One
  7892 | D:10     | Killed a two-headed ogre
  8297 | D:10     | Found a staircase to the Lair.
  8790 | D:11     | Reached skill level 12 in Maces & Flails
  9179 | D:12     | Reached skill level 5 in Evocations
  9196 | D:12     | Reached XP level 12. HP: 105/105 MP: 16/16
  9215 | D:12     | Noticed a two-headed ogre
  9223 | D:12     | Killed a two-headed ogre
  9409 | D:12     | Found a glowing golden altar of the Shining One.
  9466 | D:12     | Got a pair of scorched boots
  9477 | D:12     | Identified the cursed +0 pair of boots of Intuition {Str+4
                  | Int+2 Slay+3} (You found it on level 12 of the Dungeon)
  9573 | D:12     | Paralysed by a wizard for 5 turns
  9595 | D:12     | Reached ****** piety under the Shining One
  9601 | D:12     | Cast into level 2 of the Abyss (a wizard)
  9637 | Abyss:2  | Reached skill level 10 in Fighting
  9637 | Abyss:2  | Reached skill level 10 in Shields
  9683 | Abyss:2  | Reached skill level 13 in Maces & Flails
  9734 | Abyss:2  | Reached skill level 10 in Armour
  9761 | Abyss:2  | Found a corrupted altar of Lugonu.
  9885 | Abyss:2  | Noticed a tentacled starspawn
  9891 | Abyss:2  | Killed a tentacled starspawn
 10008 | Abyss:2  | Gained mutation: [Your magical capacity is very low. (-20%
                  | MP)] [potion of mutation]
 10008 | Abyss:2  | Gained mutation: You are frail. (-10% HP) [potion of
                  | mutation]
 10008 | Abyss:2  | Gained mutation: You are partially covered in icy blue
                  | scales. (AC +2) [potion of mutation]
 10008 | Abyss:2  | Gained mutation: You have sharp toenails. [potion of
                  | mutation]
 10015 | Abyss:2  | Noticed a starcursed mass
 10032 | Abyss:2  | HP: 4/95 [starcursed mass/accursed screaming (8)]
 10033 | Abyss:2  | Reached XP level 13. HP: 5/102 MP: 9/14
 10035 | Abyss:2  | Killed from afar by a wretched star

Skill      XL: |  1  2  3  4  5  6  7  8  9 10 11 12 |
---------------+-------------------------------------+-----
Maces & Flails | 3 4 5 6 8 9 10 12 13 | 13.5
Dodging        | 1 2 3 4 5 6 7 8 |  8.8
Fighting       | 4 5 6 7 8 9 10 | 10.3
Armour         | 4 5 6 7 8 9 10 | 10.2
Shields        | 4 5 6 7 8 9 10 | 10.3
Invocations    | 1 2 3 5 7 |  7.9
Evocations     | 2 3 5 6 |  6.1

Action                   |  1- 3 |  4- 6 |  7- 9 | 10-12 | 13-15 || total
-------------------------+-------+-------+-------+-------+-------++-------
Melee: Flail             |    58 |   141 |   247 |   603 |     1 ||  1050
       Headbutt          |     7 |    29 |    43 |   144 |       ||   223
Invok: Cleansing Flame   |       |       |       |     1 |     1 ||     2
  Use: Scroll            |       |     7 |     5 |    14 |       ||    26
       Potion            |       |       |     4 |     2 |     1 ||     7
  Eat: Chunk             |       |     4 |     4 |     7 |       ||    15
       Ration            |       |       |     2 |     4 |       ||     6
Armor: Scale mail        |    20 |    58 |   127 |     1 |       ||   206
       Plate armour      |       |       |       |   162 |       ||   162
       Troll leather arm |       |       |       |    10 |       ||    10
       Acid dragon scale |       |       |       |    36 |       ||    36
Dodge: Dodged            |    12 |    54 |   134 |   232 |     1 ||   433
Block: Shield            |    37 |    79 |   178 |   301 |     1 ||   596
